 Dungeon Sprint DCSS version 0.25-a0-521-gb5d5f98535 (webtiles) character file.

Game seed: 13215406824278767630, levelgen mode: deterministic

9080 MordorOrchid the Thaumaturge (level 11, -5/72 HPs)
             Began as a Gargoyle Venom Mage on Feb 18, 2020.
             Was a High Priest of Sif Muna.
             Slain by an orc knight
             ... wielding a +0 great sword
              (42 damage)
             ... in the Dungeon (Sprint IX: "|||||||||||||||||||||||||||||").
             The game lasted 00:19:53 (1259 turns).

MordorOrchid the Thaumaturge (Gargoyle Venom Mage)  Turns: 1259, Time: 00:19:54

Health: -5/72      AC: 13    Str: 14    XL:     11   Next: 40%
Magic:  16/27      EV: 18    Int: 20    God:    Sif Muna [*****.]
Gold:   650        SH:  0    Dex: 13    Spells: 6/34 levels left

rFire    . . .     SeeInvis .   y - +6 rapier (drain)
rCold    . . .     Gourm    .   (no shield)
rNeg     + . .     Faith    .   r - +0 robe
rPois    ∞         Spirit   .   u - +0 helmet
rElec    +         Reflect  .   (no cloak)
rCorr    .         Harm     .   t - +0 pair of gloves
MR       .....     NoTele   +   C - +0 pair of boots
Stlth    ++........             (no amulet)
HPRegen  0.22/turn              w - +3 ring of dexterity
MPRegen  0.20/turn              n - +3 ring of strength

@: no status effects
A: negative energy resistance 1, electricity resistance, unbreathing,
petrification resistance, rot immunity, AC +8
a: Channel Magic, Forget Spell, Divine Exegesis, Renounce Religion


You were in the Dungeon.
You worshipped Sif Muna.
Sif Muna was extremely pleased with you.
You were not hungry.

You visited 1 branch You collected 650 gold pieces.

Inventory:

Hand Weapons
 a - a +2 scimitar of holy wrath
 o - a +4 quarterstaff of speed
 p - a +2 halberd of venom
 s - a +3 vorpal war axe
 y - a +6 rapier of draining (weapon)
Missiles
 b - 64 stones (quivered)
 B - 12 arrows
Armour
 r - a +0 robe (worn)
 t - a +0 pair of gloves (worn)
 u - a +0 helmet (worn)
 v - a +2 ring mail
 C - a +0 pair of boots (worn)
Magical Staves
 q - an uncursed staff of wizardry
 x - an uncursed staff of energy
Jewellery
 n - a +3 ring of strength (right hand)
 w - a +3 ring of dexterity (left hand)
Wands
 m - a wand of acid (8)
Scrolls
 h - 3 scrolls of remove curse
 i - 3 scrolls of blinking
 l - 2 scrolls of amnesia
 A - a scroll of fog
Potions
 d - 6 potions of curing
 e - 5 potions of heal wounds
 g - 4 potions of magic
 j - a potion of resistance
 k - a potion of haste
 z - 2 potions of might
Comestibles
 c - 11 rations
 f - 9 chunks of flesh


   Skills:
 - Level 10.0 Fighting
 * Level 3.3 Short Blades
 * Level 9.7 Dodging
 - Level 2.1 Stealth
 - Level 12.2 Spellcasting
 * Level 8.6 Conjurations
 - Level 6.1 Transmutations
 - Level 4.5 Fire Magic
 - Level 3.0 Air Magic
 - Level 5.0 Earth Magic
 - Level 7.6 Poison Magic
 - Level 10.1 Invocations
 - Level 8.3 Evocations


You had 6 spell levels left.
You knew the following spells:

 Your Spells              Type           Power        Failure   Level  Hunger
a - Sting                 Tmut/Pois      ####         1%          1    None
b - Olgreb's Toxic Radia  Pois           #####...     2%          4    #......
d - Ignite Poison         Fire/Tmut/Pois #####...     1%          3    None
f - Iskenderun's Mystic   Conj/Tloc      ####....     10%         4    #......
g - Mephitic Cloud        Conj/Pois/Air  #####...     1%          3    None
p - Poisonous Vapours     Pois/Air       ####..       1%          2    None
r - Irradiate             Conj/Tmut      #####.....   8%          5    ####...
s - Sticks to Snakes      Tmut           #####...     1%          2    None
D - Petrify               Tmut/Erth      ####....     5%          4    #......

Your spell library contained the following spells:

 Spells                   Type           Power        Failure   Level  Hunger
 Foxfire                  Conj/Fire      ####         1%          1    None
 Magic Dart               Conj           ####         1%          1    None
 Searing Ray              Conj           #####.       1%          2    None
 Conjure Flame            Conj/Fire      #####...     1%          3    None
 Static Discharge         Conj/Air       #####...     1%          3    None
 Dazzling Flash           Conj/Hex       ####..       2%          3    None
 Sticky Flame             Conj/Fire      #####...     3%          4    #......
 Alistair's Intoxication  Tmut/Pois      #####...     9%          5    ####...
 Fulminant Prism          Conj/Hex       ####......   10%         4    #......
 Leda's Liquefaction      Hex/Erth       ###.......   19%         4    #......
 Yara's Violent Unravell  Hex/Tmut       ###.......   41%         5    ####...
 Eringya's Noxious Bog    Tmut/Pois      #####.....   45%         6    ######.
 Animate Dead             Necr           N/A          50%         4    #......
 Darkness                 Hex            ##........   100%        6    ######.
 Invisibility             Hex            ##......     100%        6    ######.
 Ring of Flames           Chrm/Fire      ###.......   100%        7    #######
 Sublimation of Blood     Necr           Unusable     N/A         2    N/A

Dungeon Overview and Level Annotations

Branches:
Dungeon (1/1)

Altars:
Cheibriados
Dithmenos
Elyvilon
Fedhas
Gozag
Hepliaklqana
Kikubaaqudgha
Makhleb
Nemelex Xobeh
Okawaru
Qazlal
Ru
Sif Muna
Trog
Uskayaw
Vehumet
Wu Jian
Xom
Yredelemnul
Zin
The Shining One
Beogh
Jiyva
Lugonu


Innate Abilities, Weirdness & Mutations

You are resistant to torment.
Your stone body is resilient. (AC +8)
You are immune to poison.
You resist negative energy. (rN+)
You are resistant to electric shocks. (rElec)
You can survive without breathing.
You are immune to petrification.
You are immune to rotting.


Message History

The orc knight is severely wounded.
The orc knight is engulfed in noxious fumes.
The orc knight appears confused.
The orc knight roars a battlecry!
The orc warrior is engulfed in noxious fumes.
The orc warrior appears confused.
The orc knight is engulfed in blazing flames.
The orc knight hits you with a +0 great sword!!
You completely miss the orc knight.
The orc knight is almost dead.
The orc knight is engulfed in noxious fumes.
The orc knight appears confused.
The orc warrior mumbles something.
Unknown command.
You hit the orc knight but do no damage.
The orc knight is almost dead.
The orc knight is engulfed in blazing flames.
The orc knight hits you with a +0 great sword!!!
Ouch! That really hurt!
You die...

▓▓▓▓▓▓▓▓▓▓▓▓▓▓▓▓▓▓▓▓▓▓▓▓
ooo)ooo@......)))).))...
▓▓▓▓▓▓▓▓▓▓▓▓▓▓▓▓▓▓▓▓▓▓▓▓▓▓▓▓▓▓▓▓▓
.................................
▓▓▓▓▓▓▓▓▓▓▓▓▓▓▓▓▓▓▓▓▓▓▓▓▓▓▓▓▓▓▓▓▓
÷'.÷.÷....†÷÷......÷.†÷÷..†.....!
▓▓▓▓▓▓▓▓▓▓▓▓▓▓▓▓▓▓▓▓▓▓▓▓▓▓▓▓▓▓▓▓▓
.................................
▓▓▓▓▓▓▓▓▓▓▓▓▓▓▓▓▓▓▓▓▓▓▓▓▓▓▓▓▓▓▓▓▓
.'________________________'.....'


You could see 3 orc knights and 3 orc warriors.

Vanquished Creatures
  Erolcha (D)
  A hydra (D)
  A two-headed ogre (D)
  An ugly thing (D)
  9 elephants (D)
  2 black mambas (D)
  A spiny frog (D)
  A komodo dragon (D)
  A dream sheep (D)
  2 hippogriffs (D)
  2 yaks (D)
  2 water moccasins (D)
  A porcupine (D)
  5 orc warriors (D)
  A phantom (D)
  2 ogres (D)
  A crocodile (D)
  6 bullfrogs (D)
  A scorpion (D)
  A wight (D)
  5 orc priests (D)
  An iguana (D)
  4 orc wizards (D)
  A worker ant (D)
  An adder skeleton (D)
  4 orcs (D)
  A bat skeleton (D)
  2 giant cockroaches (D)
  A goblin (D)
  2 hobgoblins (D)
  A kobold (D)
65 creatures vanquished.

Vanquished Creatures (others)
  A spatial maelstrom (D)
1 creature vanquished.

Grand Total: 66 creatures vanquished

Notes
Turn   | Place    | Note
-------+----------+-------------------------------------------
     0 | D        | MordorOrchid the Gargoyle Venom Mage began the quest for
                  | the Orb.
     0 | D        | Reached XP level 1. HP: 10/10 MP: 3/3
     5 | D        | Reached skill level 1 in Fighting
    14 | D        | Banished a spatial maelstrom
    70 | D        | Noticed an ogre
    70 | D        | Noticed a scorpion
    70 | D        | Noticed a worker ant
    85 | D        | Killed a worker ant
    85 | D        | Reached skill level 1 in Transmutations
    85 | D        | Reached XP level 2. HP: 12/18 MP: 0/5
    85 | D        | Reached XP level 3. HP: 15/22 MP: 0/7
    90 | D        | Learned a level 3 spell: Mephitic Cloud
    99 | D        | Killed a scorpion
    99 | D        | Reached skill level 3 in Spellcasting
    99 | D        | Reached skill level 1 in Air Magic
    99 | D        | Reached XP level 4. HP: 27/27 MP: 0/9
   109 | D        | Killed an ogre
   109 | D        | Reached skill level 4 in Spellcasting
   109 | D        | Reached XP level 5. HP: 12/31 MP: 1/11
   130 | D        | Found a roughly hewn altar of Beogh.
   130 | D        | Found a snail-covered altar of Cheibriados.
   130 | D        | Found a shadowy altar of Dithmenos.
   130 | D        | Found a white marble altar of Elyvilon.
   130 | D        | Found a blossoming altar of Fedhas.
   130 | D        | Found an opulent altar of Gozag.
   131 | D        | Found a hazy altar of Hepliaklqana.
   132 | D        | Found a viscous altar of Jiyva.
   133 | D        | Found an ancient bone altar of Kikubaaqudgha.
   134 | D        | Found a corrupted altar of Lugonu.
   135 | D        | Found a burning altar of Makhleb.
   136 | D        | Found a sparkling altar of Nemelex Xobeh.
   137 | D        | Found an iron altar of Okawaru.
   138 | D        | Found a stormy altar of Qazlal.
   139 | D        | Found a sacrificial altar of Ru.
   140 | D        | Found a shimmering blue altar of Sif Muna.
   141 | D        | Found a bloodstained altar of Trog.
   142 | D        | Found a hide-covered altar of Uskayaw.
   143 | D        | Found a radiant altar of Vehumet.
   144 | D        | Found an ornate altar of the Wu Jian Council.
   145 | D        | Found a shimmering altar of Xom.
   146 | D        | Found a basalt altar of Yredelemnul.
   147 | D        | Found a glowing silver altar of Zin.
   148 | D        | Became a worshipper of Sif Muna the Loreminder
   149 | D        | Found a glowing golden altar of the Shining One.
   193 | D        | Learned a level 2 spell: Poisonous Vapours
   197 | D        | Learned a level 3 spell: Ignite Poison
   323 | D        | Noticed a yak
   323 | D        | Noticed a two-headed ogre
   337 | D        | Reached skill level 5 in Dodging
   348 | D        | Reached * piety under Sif Muna
   348 | D        | Reached skill level 1 in Fire Magic
   348 | D        | Reached skill level 1 in Evocations
   350 | D        | Killed a two-headed ogre
   350 | D        | Reached skill level 7 in Spellcasting
   350 | D        | Reached skill level 5 in Transmutations
   350 | D        | Reached XP level 6. HP: 36/36 MP: 1/16
   350 | D        | Reached XP level 7. HP: 40/40 MP: 1/17
   361 | D        | Reached XP level 8. HP: 42/45 MP: 3/18
   402 | D        | Killed a yak
   402 | D        | Reached ** piety under Sif Muna
   440 | D        | Noticed a hippogriff
   440 | D        | Noticed a cyan ugly thing
   440 | D        | Noticed a yak
   452 | D        | Killed a cyan ugly thing
   463 | D        | Killed a hippogriff
   464 | D        | Killed a yak
   465 | D        | Reached *** piety under Sif Muna
   465 | D        | Reached XP level 9. HP: 27/49 MP: 13/19
   475 | D        | Reached skill level 10 in Invocations
   481 | D        | Learned a level 4 spell: Olgreb's Toxic Radiance
   482 | D        | Reached skill level 1 in Short Blades
   555 | D        | Noticed Erolcha
   564 | D        | Killed Erolcha
   564 | D        | Reached skill level 8 in Spellcasting
   564 | D        | Reached skill level 5 in Conjurations
   728 | D        | Noticed a black mamba
   728 | D        | Noticed a four-headed hydra
   733 | D        | Reached **** piety under Sif Muna
   733 | D        | Killed a black mamba
   733 | D        | Reached skill level 5 in Fighting
   736 | D        | Killed a four-headed hydra
   736 | D        | Reached XP level 10. HP: 52/60 MP: 16/22
   745 | D        | Reached ***** piety under Sif Muna
   745 | D        | Reached skill level 9 in Spellcasting
   751 | D        | Identified Sif Muna's Compendium of Flames and
                  | Transformation (Sif Muna gifted it to you in the Dungeon)
   751 | D        | Received a gift from Sif Muna
   820 | D        | Learned a level 4 spell: Petrify
   821 | D        | Noticed a black mamba
   824 | D        | Reached skill level 1 in Earth Magic
   826 | D        | Noticed a spiny frog
   828 | D        | Noticed an elephant
   829 | D        | Killed a black mamba
   829 | D        | Received a gift from Sif Muna
   831 | D        | Reached skill level 10 in Spellcasting
   837 | D        | Killed a spiny frog
   842 | D        | Killed an elephant
   890 | D        | Learned a level 5 spell: Irradiate
   961 | D        | Noticed an elephant
   961 | D        | Noticed an elephant
   961 | D        | Noticed an elephant
   961 | D        | Noticed an elephant
   961 | D        | Noticed an elephant
   961 | D        | Noticed an elephant
   967 | D        | Killed an elephant
   967 | D        | Killed an elephant
   967 | D        | Reached skill level 5 in Earth Magic
   969 | D        | Killed an elephant
   969 | D        | Reached skill level 11 in Spellcasting
   969 | D        | Reached XP level 11. HP: 58/69 MP: 12/26
   974 | D        | Identified Sif Muna's Catalogue of Dark Curses (Sif Muna
                  | gifted it to you in the Dungeon)
   974 | D        | Received a gift from Sif Muna
   991 | D        | Reached skill level 12 in Spellcasting
  1060 | D        | Learned a level 2 spell: Sticks to Snakes
  1152 | D        | Received a gift from Sif Muna
  1152 | D        | Reached skill level 10 in Fighting
  1247 | D        | Learned a level 4 spell: Iskenderun's Mystic Blast
  1247 | D        | Noticed an orc knight
  1247 | D        | Noticed an orc knight
  1249 | D        | Noticed an orc knight
  1252 | D        | Identified Sif Muna's Compendium of Captivating
                  | Confrontation (Sif Muna gifted it to you in the Dungeon)
  1252 | D        | Received a gift from Sif Muna
  1259 | D        | Slain by an orc knight

Levels and vault maps discovered:
D:        linesprint [early_d, line_temple, items_1, d_10, items_2, lair_1,
          lair_end, items_3, orc_1, orc_end, items_4, d_15, swamp_1, shoals_1,
          snake_1, spider_1, d_20, vaults_1, items_5, swamp_end, shoals_end,
          snake_end, spider_end, vaults_end, d_27, items_6, zot_1, zot_end,
          crypt_end, forest_end, elf_end, slime_end, tomb_end, abyss_end,
          pan_hell_end]

Skill      XL: |  1  2  3  4  5  6  7  8  9 10 11 |
---------------+----------------------------------+-----
Fighting       | 2 6 8 10 | 10.0
Dodging        | 3 4 6 7 8 9 |  9.7
Transmutations | 1 2 3 5 6 |  6.1
Poison Magic   | 4 7 |  7.6
Spellcasting   | 3 4 7 8 11 12 | 12.2
Conjurations   | 2 3 6 8 |  8.6
Air Magic      | 1 2 3 |  3.0
Fire Magic     | 4 |  4.5
Evocations     | 4 6 8 |  8.3
Invocations    | 9 10 | 10.1
Short Blades   | 2 3 |  3.3
Earth Magic    | 5 |  5.0
Stealth        | |  2.1

Action                   |  1- 3 |  4- 6 |  7- 9 | 10-12 || total
-------------------------+-------+-------+-------+-------++-------
Melee: Unarmed           |    24 |       |       |       ||    24
       Club              |     3 |    13 |       |       ||    16
       Rapier            |       |     8 |    19 |    14 ||    41
       Scimitar          |       |       |    11 |       ||    11
       Staff             |       |       |     2 |       ||     2
 Cast: Sting             |     8 |       |     2 |     7 ||    17
       Mephitic Cloud    |       |     2 |     8 |    18 ||    28
       Ignite Poison     |       |     1 |     6 |    20 ||    27
       Poisonous Vapours |       |       |     4 |    11 ||    15
       Olgreb's Toxic Ra |       |       |       |     6 ||     6
Invok: Channel Magic     |       |       |       |     1 ||     1
Evoke: Staff of energy   |       |     3 |    21 |    54 ||    78
       Wand              |       |       |     2 |       ||     2
  Use: Potion            |     2 |     1 |     1 |       ||     4
       Scroll            |       |     1 |     4 |       ||     5
 Stab: Sleeping          |       |     1 |       |       ||     1
       Invisible         |       |       |     1 |       ||     1
       Confused          |       |       |     1 |       ||     1
  Eat: Chunk             |       |       |     1 |     5 ||     6
Armor: Robe              |    12 |     3 |    13 |    10 ||    38
Dodge: Dodged            |    19 |    17 |    31 |    16 ||    83
       Rpst.: Scimitar   |       |       |     5 |       ||     5

Table legend:
 A = Non-vault XP
 B = Vault XP
 C = Vault XP percentage of total XP
 D = Non-vault monster count
 E = Vault monster count
 F = Vault count percentage of total count
                 A         B        C        D         E       F
            +---------+---------+-------+---------+---------+-------
      Total |       0 |   12972 | 100.0 |       0 |      65 | 100.0
            +---------+---------+-------+---------+---------+-------
          D |       0 |   12972 | 100.0 |       0 |      65 | 100.0
            +---------+---------+-------+---------+---------+-------
